 Dungeon Crawl Stone Soup version 0.23.2-40-g277498a (webtiles) character file.

Game seed: 6037804881494302156

1649 Fang the Skirmisher (level 9, -4/56 HPs)
             Began as a Gargoyle Berserker on Oct 17, 2019.
             Was a Priest of Trog.
             Slain by Prince Ribbit (12 damage)
             ... on level 5 of the Dungeon.
             The game lasted 00:05:24 (4466 turns).

Fang the Skirmisher (Gargoyle Berserker)            Turns: 4466, Time: 00:05:25

Health: -4/56      AC: 16    Str: 24    XL:     9   Next: 0%
Magic:  9/9        EV: 10    Int:  8    God:    Trog [***...]
Gold:   224        SH:  0    Dex:  9    Spells: 8/8 levels left

rFire    + . .     SeeInvis .   a - +0 battleaxe
rCold    . . .     Gourm    .   (shield currently unavailable)
rNeg     + . .     Faith    .   b - +0 chain mail
rPois    ∞         Spirit   .   (no helmet)
rElec    +         Reflect  .   (no cloak)
rCorr    .         Harm     .   (no gloves)
MR       ++...                  (no boots)
Stlth    ..........             (no amulet)
HPRegen  1.18/turn              t - ring of protection from fire
MPRegen  0.11/turn              (no ring)

@: berserk cooldown, regenerating, slowed, very slow
A: negative energy resistance 1, electricity resistance, unbreathing,
petrification resistance, rot immunity, AC +6
a: Berserk, Trog's Hand, Renounce Religion


You were on level 5 of the Dungeon.
You worshipped Trog.
Trog was most pleased with you.
You were hungry.

You visited 1 branch of the dungeon, and saw 5 of its levels.

You collected 224 gold pieces.

Inventory:

Hand Weapons
 a - a +0 battleaxe (weapon)
Armour
 b - a +0 chain mail (worn)
Jewellery
 t - a ring of protection from fire (left hand)
Scrolls
 d - 4 scrolls of remove curse {unknown}
 e - 5 scrolls of teleportation {unknown}
 f - 2 scrolls of random uselessness {unknown}
 g - a scroll of immolation {unknown}
 h - 2 scrolls of blinking {unknown}
 j - 7 scrolls of identify {unknown}
 p - a scroll of magic mapping {unknown}
 q - a scroll of enchant armour {unknown}
 s - a scroll of noise {unknown}
Potions
 i - 3 potions of heal wounds {unknown}
 k - a potion of flight {unknown}
 l - 3 potions of curing
 m - a potion of invisibility {unknown}
 n - a potion of cancellation {unknown}
 o - a potion of might {unknown}
 u - 2 potions of resistance {unknown}
 v - a potion of mutation {unknown}
Comestibles
 c - 9 rations
 r - 10 chunks of flesh


   Skills:
 + Level 6.8 Fighting
 + Level 5.7 Axes
 + Level 6.4 Armour
 + Level 4.8 Dodging


You had 8 spell levels left.
You didn't know any spells.
Your spell library was empty.

Dungeon Overview and Level Annotations

Branches:
Dungeon (5/15)
 Temple: D:4-7

Altars:
Ashenzari
Fedhas
Nemelex Xobeh
Xom

Annotations:
D:5 Prince Ribbit


Innate Abilities, Weirdness & Mutations

You are resistant to torment.
Your stone body is resilient. (AC +6)
You are immune to poison.
You resist negative energy. (rN+)
You are resistant to electric shocks. (rElec)
You can survive without breathing.
You are immune to petrification.
You are immune to rotting.


Message History

Prince Ribbit blinks!
You swing at nothing.
You are no longer berserk.
You are exhausted.
You feel yourself slow down.
You swing at nothing.
Prince Ribbit hits you.
* * * LOW HITPOINT WARNING * * *
Your skin crawls.
You feel resistant to hostile enchantments.
You are near starving!
Prince Ribbit croaks regally.
Prince Ribbit closely misses you. Prince Ribbit hits you!
* * * LOW HITPOINT WARNING * * *
Prince Ribbit hits you but does no damage.
Eat one of 11 chunks of flesh? (ye/n/q)
You eat one of the 11 chunks of flesh.
This raw flesh tastes terrible.
You are feeling hungry.
Prince Ribbit hits you but does no damage.
Prince Ribbit hits you!
You die...

........#......
......(.........
............>...
..............>.
.............. ...
............###
....#
............†....##
#....
..........F.......#
..#....
........#.@.##..#..
.......
.......##.## ...
...... ⌠....###.##
. #..... #..##...##
##... #........##
#.... #............
###....
#(.#.##.....#
.......
#..#.....#.##
........
#.##.##.####
........


You could see Prince Ribbit.

Vanquished Creatures
  Pikel (D:5)
  Sigmund (D:3)
  Duvessa (D:5)
  A phantom (D:3)
  2 slaves (D:5)
  A sky beast (D:5)
  Blork the orc (D:4)
  Dowan (D:5)
  A scorpion (D:5)
  A crimson imp (D:5)
  A jelly (D:5)
  3 orc wizards
  An orc priest (D:3)
  2 hounds
  2 iguanas (D:5)
  4 worker ants
  A gnoll (D:1)
  2 howler monkey skeletons (D:4)
  8 adders
  2 shadow imps (D:5)
  An adder zombie (D:5)
  4 oozes
  An adder skeleton (D:5)
  2 worms
  A dart slug (D:1)
  5 leopard geckos
  13 orcs
  5 giant cockroaches
  7 hobgoblins
  6 jackals
  2 quokkas
  2 ball pythons (D:2)
  A ball python skeleton (D:4)
  6 bats
  3 frilled lizards
  9 goblins
  4 kobolds
  A leopard gecko skeleton (D:5)
  A quokka skeleton (D:4)
  3 rats
114 creatures vanquished.

Vanquished Creatures (others)
  2 slaves (D:5)
  A giant cockroach (D:5)
  A plant (D:1)
4 creatures vanquished.

Grand Total: 118 creatures vanquished

Notes
Turn   | Place    | Note
-------+----------+-------------------------------------------
     0 | D:1      | Fang the Gargoyle Berserker began the quest for the Orb.
     0 | D:1      | Reached XP level 1. HP: 14/14 MP: 1/1
    13 | D:1      | Reached XP level 2. HP: 13/19 MP: 2/2
   145 | D:1      | Reached XP level 3. HP: 10/23 MP: 3/3
   703 | D:1      | Reached ** piety under Trog
   706 | D:1      | Reached XP level 4. HP: 22/29 MP: 4/4
  1412 | D:2      | Found a blossoming altar of Fedhas.
  1413 | D:2      | Found a sparkling altar of Nemelex Xobeh.
  1748 | D:3      | Reached XP level 5. HP: 30/33 MP: 5/5
  1939 | D:3      | Reached XP level 6. HP: 25/39 MP: 6/6
  2289 | D:3      | Noticed a phantom
  2330 | D:3      | Reached *** piety under Trog
  2465 | D:3      | Killed a phantom
  2727 | D:3      | Noticed Sigmund
  2742 | D:3      | Killed Sigmund
  2742 | D:3      | Reached skill level 5 in Fighting
  2742 | D:3      | Reached XP level 7. HP: 44/44 MP: 7/7
  3140 | D:4      | Noticed Blork the orc
  3150 | D:4      | Killed Blork the orc
  3451 | D:4      | Reached skill level 5 in Armour
  3487 | D:4      | Found a shimmering altar of Xom.
  3497 | D:4      | Found a shattered altar of Ashenzari.
  3875 | D:5      | Entered Level 5 of the Dungeon
  3879 | D:5      | Noticed Pikel
  3892 | D:5      | Killed Pikel
  3892 | D:5      | Reached skill level 5 in Axes
  3892 | D:5      | Reached XP level 8. HP: 31/51 MP: 8/8
  4311 | D:5      | Noticed Dowan
  4316 | D:5      | Noticed Duvessa
  4333 | D:5      | Killed Duvessa
  4352 | D:5      | Killed Dowan
  4448 | D:5      | Noticed Prince Ribbit
  4459 | D:5      | Reached XP level 9. HP: 27/56 MP: 9/9
  4466 | D:5      | Slain by Prince Ribbit

Skill      XL: |  1  2  3  4  5  6  7  8 |
---------------+-------------------------+-----
Axes           | 3 4 5 |  5.7
Dodging        | 2 3 4 |  4.8
Armour         | 3 4 5 6 |  6.4
Fighting       | 4 5 6 |  6.8

Action                   |  1- 3 |  4- 6 |  7- 9 || total
-------------------------+-------+-------+-------++-------
Melee: Hand axe          |    67 |   219 |    42 ||   328
       Battleaxe         |       |       |   126 ||   126
Invok: Berserk           |     2 |     3 |     3 ||     8
       Trog's Hand       |       |     1 |     2 ||     3
  Eat: Chunk             |     1 |    10 |    10 ||    21
Armor: Animal skin       |    37 |    17 |       ||    54
       Chain mail        |       |   115 |   138 ||   253
Dodge: Dodged            |    71 |   108 |   101 ||   280
